 Dungeon Sprint DCSS version 0.30-a0-347-gf58ed5266c (webtiles) character file.

Game seed: 2924758003929662250

993 mhtbhm the Blocker (level 7, -4/79 HPs)
             Began as a Troll Fighter on Nov 7, 2022.
             Was an Initiate of Gozag.
             Slain by a deep troll (11 damage)
             ... in the Dungeon (Sprint I: "Red Sonja").
             The game lasted 00:01:26 (975 turns).

mhtbhm the Blocker (Troll Fighter)                   Turns: 975, Time: 00:01:27

Health: -4/79      AC:  4    Str: 27    XL:     7   Next: 98%
Magic:  6/6        EV: 10    Int:  4    God:    Gozag
Gold:   694        SH:  9    Dex:  9    Spells: 6/6 levels left

rFire   . . .      SeeInvis .    a - +0 flail
rCold   . . .      Faith    .    c - +0 kite shield
rNeg    . . .      Spirit   .    b - +0 robe
rPois   .          Reflect  .    (helmet restricted)
rElec   .          Harm     .    (no cloak)
rCorr   .          Rampage  .    (gloves unavailable)
Will    .....      NoTele   +    (boots unavailable)
Stlth   +.........               (no amulet)
HPRegen 1.13/turn                (no ring)
MPRegen 0.10/turn                (no ring)

@: no status effects
A: large, unfitting armour, claws 3, regeneration 1, shaggy fur 1, tough skin 1
a: Renounce Religion, Potion Petition, Call Merchant, Bribe Branch


You were in the Dungeon.
You worshipped Gozag.
Gozag was pleased with you.
You visited 1 branch You collected 694 gold pieces.

Inventory:

Hand Weapons
 a - a +0 flail (weapon)
Missiles
 m - 2 curare-tipped darts (quivered)
Armour
 b - a +0 robe (worn)
 c - a +0 kite shield (worn)
Wands
 i - a wand of mindburst (3)
Scrolls
 j - a scroll of blinking
 l - a scroll of amnesia {unknown}
Potions
 d - a potion of might
 e - 5 potions of curing
 f - a potion of heal wounds
 g - a potion of haste
 h - 2 potions of magic
 k - 2 potions of flight {unknown}


   Skills:
 + Level 7.9 Fighting
 + Level 7.5 Maces & Flails
 + Level 7.7 Dodging
 + Level 0.3 Stealth
 + Level 8.6 Shields
 + Level 2.0 Evocations


You had 6 spell levels left.
You didn't know any spells.
Your spell library was empty.

Dungeon Overview and Level Annotations

Branches:
Dungeon (1/1)

Altars:
Cheibriados
Dithmenos
Elyvilon
Fedhas
Gozag
Hepliaklqana
Kikubaaqudgha
Nemelex Xobeh
Okawaru
Qazlal
Ru
Sif Muna
Trog
Uskayaw
Vehumet
Wu Jian
Yredelemnul
Zin
The Shining One

Shops:
D *(


Innate Abilities, Weirdness & Mutations

You are too large for most types of armour.
You have claws for hands.
Your natural rate of healing is unusually fast.
You are covered in fur. (AC +1)
You have tough skin. (AC +1)


Message History

You feel less confused.
Found 54 gold pieces.
There is an open door here.
Found 54 gold pieces.
You now have 513 gold pieces (gained 27).
e - 2 potions of curing (gained 1)
You now have 540 gold pieces (gained 27).
You now have 567 gold pieces (gained 27).
You now have 594 gold pieces (gained 27).
You now have 607 gold pieces (gained 13).
You now have 613 gold pieces (gained 6).
e - 3 potions of curing (gained 1)
You now have 640 gold pieces (gained 27).
You now have 667 gold pieces (gained 27).
You now have 694 gold pieces (gained 27).
e - 5 potions of curing (gained 2)
There is an open door here.
You start waiting.
You open the door.
A deep troll comes into view.
Found 108 gold pieces.
There is an open door here.
You thump the deep troll!
The deep troll is lightly wounded.
The deep troll bites you!! You block the deep troll's attack.
The deep troll claws you. The deep troll bites you!! The deep troll claws you.
The deep troll claws you!
* * * LOW HITPOINT WARNING * * *
You hit the deep troll.
The deep troll is moderately wounded.
The deep troll bites you!
* * * LOW HITPOINT WARNING * * *
The deep troll claws you.
* * * LOW HITPOINT WARNING * * *
You block the deep troll's attack.
You hit the deep troll but do no damage.
The deep troll is moderately wounded.
The deep troll bites you!
You die...
Your body crumbles into a pile of gold.

#..#####'#####'# $
#..####..#...#.# $
#..#__####..##)# $$
#..#_____##'#_.+
#⌠⌠#_.∩..÷'..)_# $$
####_..__##_.#'#
$$#_____###'#)# $
############.####+###$
$
#∩........'...@T$.$$+$
###++++####...#######
$ $ ###.### $ #.#'#.#
$ $ #.....# $ #.....#
####### $ $ $


You could see a deep troll.

Vanquished Creatures
  Sonja (D)
  Sigmund (D)
  A yak (D)
  An ogre (D)
  A jelly (D)
  Ijyb (D)
6 creatures vanquished.

Vanquished Creatures (others)
  2 ballistomycete spores (D)
2 creatures vanquished.

Grand Total: 8 creatures vanquished

Notes
Turn   | Place    | Note
-------+----------+-------------------------------------------
     0 | D        | mhtbhm the Troll Fighter began the quest for the Orb.
     0 | D        | Reached XP level 1. HP: 22/22 MP: 0/0
     1 | D        | Noticed Ijyb
    10 | D        | Killed Ijyb
    11 | D        | Reached skill level 3 in Shields
    11 | D        | Reached XP level 2. HP: 31/31 MP: 1/1
   249 | D        | Noticed an ogre
   251 | D        | Killed an ogre
   252 | D        | Reached skill level 5 in Shields
   252 | D        | Reached XP level 3. HP: 41/41 MP: 2/2
   252 | D        | Reached XP level 4. HP: 49/49 MP: 3/3
   368 | D        | Noticed Sigmund
   377 | D        | Killed Sigmund
   378 | D        | Reached skill level 5 in Maces & Flails
   378 | D        | Reached skill level 5 in Dodging
   378 | D        | Reached skill level 6 in Shields
   378 | D        | Reached XP level 5. HP: 58/59 MP: 4/4
   378 | D        | Reached XP level 6. HP: 66/67 MP: 5/5
   491 | D        | Found an ornate altar of the Wu Jian Council.
   491 | D        | Found a shimmering blue altar of Sif Muna.
   493 | D        | Found a radiant altar of Vehumet.
   538 | D        | Found Jipoc's Weapon Emporium.
   538 | D        | Found an ancient bone altar of Kikubaaqudgha.
   538 | D        | Found a hazy altar of Hepliaklqana.
   538 | D        | Found a stormy altar of Qazlal.
   538 | D        | Found a hide-covered altar of Uskayaw.
   538 | D        | Found a blossoming altar of Fedhas.
   538 | D        | Found a bloodstained altar of Trog.
   538 | D        | Found an iron altar of Okawaru.
   538 | D        | Found a basalt altar of Yredelemnul.
   538 | D        | Found a glowing golden altar of the Shining One.
   538 | D        | Found a snail-covered altar of Cheibriados.
   538 | D        | Found a sacrificial altar of Ru.
   538 | D        | Found a glowing silver altar of Zin.
   538 | D        | Found a shadowy altar of Dithmenos.
   538 | D        | Found a white marble altar of Elyvilon.
   538 | D        | Noticed a yak
   539 | D        | Found an opulent altar of Gozag.
   552 | D        | Killed a yak
   553 | D        | Reached skill level 7 in Shields
   553 | D        | Found a sparkling altar of Nemelex Xobeh.
   560 | D        | Became a worshipper of Gozag Ym Sagoz the Greedy
   671 | D        | Noticed Sonja
   678 | D        | Killed Sonja
   679 | D        | Reached skill level 8 in Shields
   679 | D        | Reached XP level 7. HP: 70/79 MP: 6/6
   870 | D        | Found Faklut's General Store.
   971 | D        | Noticed a deep troll
   975 | D        | Slain by a deep troll

Illustrated notes

Levels and vault maps discovered:
D:        dungeon_sprint_1 [red_sonja_temple_1, red_sonja_temple_small_1]

Skill      XL: |  1  2  3  4  5  6 |
---------------+-------------------+-----
Fighting       | 3 4 6 7 |  7.9
Maces & Flails | 2 3 5 7 |  7.5
Dodging        | 3 4 5 7 |  7.7
Shields        | 3 5 6 8 |  8.6
Evocations     | 2 |  2.0
Stealth        | |  0.3

Action                   |  1- 3 |  4- 6 |  7- 9 || total
-------------------------+-------+-------+-------++-------
Melee: Flail             |     8 |    24 |     3 ||    35
Evoke: Wand              |     2 |     5 |       ||     7
  Use: Potion            |     1 |       |       ||     1
Armor: Robe              |     1 |     3 |       ||     4
Dodge: Dodged            |     1 |    13 |       ||    14
Block: Kite shield       |     1 |     8 |     2 ||    11

Table legend: (Time is in decaauts)
 A = Elapsed time spent in this place.
 B = Non-inter-level travel time spent in this place.
 C = Inter-level travel time spent in this place.
 D = Time resting spent in this place.
 E = Time spent auto-exploring this place.
 F = Levels seen in this place.
 G = Mean time per level.
                   A        B        C        D        E       F      G
               +--------+--------+--------+--------+--------+-----+--------+
         Total |    990 |    990 |      0 |    757 |      1 |   1 |  990.0 |
       Dungeon |    990 |    990 |      0 |    757 |      1 |   1 |  990.0 |
               +--------+--------+--------+--------+--------+-----+--------+

Top non-repeatable levels by time:
       D: 990 daAuts
